 Dungeon Crawl Stone Soup version 0.23-a0-32-g1388f29e54 (webtiles) character file.

384 Htamos the Covered (level 6, -2/40 HPs)
             Began as a Gargoyle Fighter on Aug 4, 2018.
             Slain by an ogre
             ... wielding a +0 giant club
              (21 damage)
             ... on level 4 of the Dungeon.
             The game lasted 00:03:24 (1993 turns).

Htamos the Covered (Gargoyle Fighter)               Turns: 1993, Time: 00:03:25

Health: -2/40      AC: 11    Str: 22    XL:     6   Next: 77%
Magic:  6/6        EV:  7    Int: 13    God:
Gold:   158        SH: 10    Dex:  9    Spells: 5/5 levels left

rFire    . . .     SeeInvis .   n - +0 war axe (holy)
rCold    . . .     Gourm    .   c - +1 shield
rNeg     + . .     Faith    .   b - +0 scale mail
rPois    ∞         Spirit   .   (no helmet)
rElec    +         Reflect  .   (no cloak)
rCorr    .         Harm     .   (no gloves)
MR       .....                  (no boots)
Stlth    ..........             (no amulet)
HPRegen  0.13/turn              (no ring)
MPRegen  0.10/turn              (no ring)

@: brilliant
A: negative energy resistance 1, electricity resistance, unbreathing,
petrification resistance, rot immunity, AC +4
a: no special abilities


You were on level 4 of the Dungeon.
You were not hungry.

You visited 1 branch of the dungeon, and saw 4 of its levels.

You collected 158 gold pieces.

Inventory:

Hand Weapons
 a - a +0 war axe
 e - a +1 dagger of speed
 n - a +0 war axe of holy wrath (weapon)
Armour
 b - a +0 scale mail (worn)
 c - a +1 shield (worn)
Potions
 l - 2 potions of heal wounds
 m - a potion of resistance {unknown}
Comestibles
 f - 9 rations
 g - 3 chunks of flesh


   Skills:
 + Level 4.9 Fighting
 + Level 3.4 Axes
 + Level 5.0 Armour
 + Level 4.9 Shields


You had 5 spell levels left.
You didn't know any spells.
Your spell library was empty.

Dungeon Overview and Level Annotations

Branches:
Dungeon (4/15)
 Temple: D:4-7

Altars:
Fedhas


Innate Abilities, Weirdness & Mutations

You are resistant to torment.
Your stone body is resilient. (AC +4)
You are immune to poison.
You resist negative energy. (rN+)
You are resistant to electric shocks. (rElec)
You can survive without breathing.
You are immune to petrification.
You are immune to rotting.


Message History

It was a potion of brilliance.
You feel clever all of a sudden. You block the ogre's attack.
You closely miss the ogre. The ogre hits you with a giant club!!
Ouch! That really hurt!
* * * LOW HITPOINT WARNING * * *
You hit the ogre.
The ogre is moderately wounded.
You block the ogre's attack.
You hit the ogre.
The ogre is moderately wounded.
You block the ogre's attack.
You hit the ogre.
The ogre is heavily wounded.
You block the ogre's attack.
You hit the ogre.
The ogre is heavily wounded.
The ogre hits you with a giant club!!
Ouch! That really hurt!
You die...

,* *,**#,#.###.######..########..
,***,* #.#.....#.......#......#.#
,**,,###.#(.##.#.#######.####.#.#
**,,,....(.).....# #.# #.#.#
*,≈≈≈≈≈.≈≈≈≈..### #.# #.#.#
*,≈≈≈≈≈.≈≈Z≈...# #.####.#.#
*,≈≈≈≈≈.≈≈≈≈.#Z# #.........
*,≈≈≈≈≈.≈≈≈≈.#O#############.#..
**,,,....≈≈O≈.#.@.....# #.#..
,,,≈≈≈≈.%.....#######.# #.#..
**,≈≈≈≈.≈≈≈≈≈.# *,* #.#..
*,≈≈≈≈.≈≈≈≈≈.# *,* #.#..
**,≈≈≈≈.≈≈≈≈≈.# *,* #.###
*,,≈≈≈≈.≈≈≈≈≈.# *,******#.#
*,,,,,,,,,,,,,*******,*,,,,,,,*
*,,***,******,,,,,,,,,*,*******
**,***,* ***********,*,,,,,*


You could see an ogre and a hound zombie.

Vanquished Creatures
  Grinder (D:3)
  Natasha (thrice) (D:2)
  A howler monkey zombie (D:2)
  4 adders
  An ooze (D:3)
  2 worms
  A dart slug (D:2)
  A leopard gecko (D:1)
  3 giant cockroaches
  9 goblins
  3 hobgoblins
  8 jackals (D:1)
  A quokka (D:2)
  2 ball pythons
  4 bats
  2 frilled lizards
  5 kobolds
  4 rats (D:1)
55 creatures vanquished.

Notes
Turn   | Place    | Note
-------+----------+-------------------------------------------
     0 | D:1      | Htamos the Gargoyle Fighter began the quest for the Orb.
     0 | D:1      | Reached XP level 1. HP: 14/14 MP: 1/1
    76 | D:1      | Reached XP level 2. HP: 19/19 MP: 2/2
   370 | D:1      | Reached XP level 3. HP: 21/23 MP: 3/3
   699 | D:2      | Found a blossoming altar of Fedhas.
   884 | D:2      | Reached XP level 4. HP: 29/29 MP: 4/4
  1030 | D:2      | Reached skill level 4 in Armour
  1212 | D:2      | Noticed Natasha
  1247 | D:2      | Killed Natasha
  1247 | D:2      | Reached XP level 5. HP: 13/33 MP: 5/5
  1465 | D:2      | Noticed Natasha
  1493 | D:2      | Killed Natasha
  1506 | D:2      | Noticed Natasha
  1520 | D:2      | Killed Natasha
  1763 | D:3      | Noticed Grinder
  1776 | D:3      | Killed Grinder
  1776 | D:3      | Reached XP level 6. HP: 28/40 MP: 6/6
  1886 | D:3      | Reached skill level 5 in Armour
  1925 | D:3      | You fall through a shaft!
  1993 | D:4      | Slain by an ogre

Vault maps used:
D:1:      mrwooster_arrival_arrow
D:2:      fedhas_altar_2, first_ration, uniq_natasha
D:3:      biasface_ghost_orc_armoury, uniq_crazy_yiuf_cottage, uniq_grinder,
          uniq_ijyb
D:4:      gammafunk_temple_overflow_wave, serial_shops, shop, minivault_14,
          nzn_random_ring, uniq_robin

Skill      XL: |  1  2  3  4  5  6 |
---------------+-------------------+-----
Axes           | 2 3 |  3.4
Armour         | 4 5 |  5.0
Fighting       | 4 |  4.9
Shields        | 4 |  4.9

Action                   |  1- 3 |  4- 6 || total
-------------------------+-------+-------++-------
Melee: War axe           |    12 |    26 ||    38
       Dagger            |   189 |   146 ||   335
  Use: Potion            |       |     3 ||     3
       Scroll            |       |     7 ||     7
  Eat: Chunk             |       |     4 ||     4
Armor: Scale mail        |    87 |    62 ||   149
Dodge: Dodged            |    53 |    31 ||    84
Block: Shield            |    94 |    79 ||   173

Table legend:
 A = Spawn XP
 B = Non-spawn XP
 C = Spawn XP percentage of total XP
 D = Spawn monster count
 E = Non-spawn monster count
 F = Spawn count percentage of total count
 G = Total turns spent on level
                    A         B        C        D         E        F      G
               +---------+---------+-------+---------+---------+-------+---------
         Total |       0 |     549 |   0.0 |       0 |      55 |   0.0 |  1993
               +---------+---------+-------+---------+---------+-------+---------
           D:1 |       0 |      51 |   0.0 |       0 |      29 |   0.0 |   689
           D:2 |       0 |     190 |   0.0 |       0 |      21 |   0.0 |  1074
           D:3 |       0 |     308 |   0.0 |       0 |       5 |   0.0 |   162
               +---------+---------+-------+---------+---------+-------+---------
